 Dungeon Crawl Stone Soup version 0.18.1-48-g4cf74bf (webtiles) character file.

1972 WarriorsX the Carver (level 9, -3/70 HPs)
             Began as a Human Fighter on Aug 1, 2016.
             Slain by Joseph
             ... wielding a +7 quarterstaff
              (7 damage)
             ... on level 7 of the Dungeon.
             The game lasted 00:22:03 (8406 turns).

WarriorsX the Carver (Human Fighter)                Turns: 8406, Time: 00:22:04

Health: -3/70      AC: 11    Str: 19    XL:     9   Next: 43%
Magic:  8/8        EV:  7    Int:  8    God:
Gold:   288        SH: 10    Dex: 14    Spells: 0 memorised, 8 levels left

rFire  + . .     SeeInvis .     a - +1 long sword
rCold  . . .     Gourm    .     b - +0 scale mail
rNeg   . . .     Faith    .     c - +0 shield
rPois  +         Spirit   .     x - +1 helmet
rElec  .         Dismiss  .     (no cloak)
rCorr  .         Reflect  .     A - +0 pair of gloves
SustAt .         Harm     .     (no boots)
MR     .....                    (no amulet)
Stlth  +.........               (no ring)
                                (no ring)

@: not resistant to hostile enchantments, very unstealthy
A: thin skeletal structure 1, dopey 1, fire resistance 1, low mp 1, poison
resistance
a: no special abilities


You were on level 7 of the Dungeon.
You were not hungry.

You visited 2 branches of the dungeon, and saw 9 of its levels.

You collected 288 gold pieces.

Inventory:

Hand Weapons
 a - a +1 long sword (weapon)
 y - a +1 flail of holy wrath
Armour
 b - a +0 scale mail (worn)
 c - a +0 shield (worn)
 x - a +1 helmet (worn)
 A - a +0 pair of gloves (worn)
Jewellery
 m - an uncursed ring of ice
Wands
 w - a wand of slowing (20/48)
Scrolls
 g - 5 scrolls of identify
 h - a scroll of enchant weapon
 j - 2 scrolls of enchant armour
 l - 3 scrolls of recharging
 n - 2 scrolls of remove curse
 v - a scroll of fog
Potions
 d - 3 potions of might
 e - a potion of cure mutation
 p - a potion of resistance
Comestibles
 f - 6 bread rations
 i - 4 meat rations


   Skills:
 + Level 6.3 Fighting
 + Level 8.1 Long Blades
 * Level 6.4 Armour
 + Level 4.6 Shields


You had 8 spell levels left.
You didn't know any spells.

Dungeon Overview and Level Annotations

Branches:
Dungeon (8/15)             Temple (1/1) D:4
   Lair: D:8-11

Altars:
Ashenzari
Cheibriados
Dithmenos
Fedhas
Gozag
Nemelex Xobeh
Okawaru
Pakellas
Qazlal
Ru
Sif Muna
Yredelemnul
Zin
The Shining One

Shops:
D:5 [   D:7 *

Annotations:
D:4 Pikel
D:6 gerofl's ghost, novice GrFi
D:7 Joseph
D:8 Erolcha


Innate Abilities, Weirdness & Mutations

You have a somewhat thin skeletal structure (Dex +2, Stealth).
You are dopey. (Int -2)
Your flesh is heat resistant.
Your magical capacity is low (-10% MP).
Your system is resistant to poisons.


Message History

Aim: Joseph, wielding an enchanted quarterstaff and wearing a glowing ring mail (heavily wounded, chance to defeat MR: 34%) Joseph resists with almost no effort.
This wand has 20 charges left.
Joseph hits you with an uncursed enchanted quarterstaff.
* * * LOW HITPOINT WARNING * * *
You slash Joseph!
Joseph is severely wounded.
You block Joseph's attack.
You closely miss Joseph.
Joseph is severely wounded.
You block Joseph's attack.
You barely miss Joseph.
Joseph is severely wounded.
You block Joseph's attack.
You hit Joseph but do no damage.
Joseph is severely wounded.
You block Joseph's attack.
You slash Joseph!
Joseph is almost dead.
Joseph hits you with an uncursed enchanted quarterstaff!
You die...

### #.### ##.....
#########.####...#####..##.#
##.....##...[.###.......###.#
##......<.......#...##...###.#
#...................###....@.#
#.................#..(.......#
#.............................
#..............[..#....#####.#
#..........(.@@..##.##.# #.#
#.......÷........##.##.# #..
##.....>(.....8..∩..8..# #.[
##......#.....###..#..# ..
####.######.(.##.###.. .. #..
#......# #.# ##......# #.
#...##..# #. #....##.#


You could see Joseph.

Vanquished Creatures
  Grinder (D:6)
  An ice beast (D:5)
  2 slaves (D:4)
  2 black bears
  A phantom (D:4)
  An ogre (D:5)
  A centaur (D:5)
  Blork the orc (D:4)
  3 giant frogs
  A scorpion (D:4)
  3 wights
  3 crimson imps
  2 hounds (D:4)
  An orc priest (D:3)
  2 jellies
  2 iguanas (D:4)
  4 orc wizards
  4 worker ants (D:4)
  A killer bee zombie (D:7)
  2 hound skeletons
  Robin (D:4)
  3 gnolls (D:5)
  6 adders
  A howler monkey skeleton (D:5)
  A shadow imp (D:6)
  3 oozes
  2 worms
  2 dart slugs
  4 giant geckos
  15 orcs
  2 ball pythons
  5 giant cockroaches
  14 hobgoblins
  9 jackals
  9 kobolds
  3 quokkas
  6 bats
  8 giant newts
  14 goblins
  9 rats
155 creatures vanquished.

Vanquished Creatures (others)
  A giant cockroach (D:7)
1 creature vanquished.

Grand Total: 156 creatures vanquished

Notes
Turn   | Place    | Note
--------------------------------------------------------------
     0 | D:1      | WarriorsX the Human Fighter began the quest for the Orb.
     0 | D:1      | Reached XP level 1. HP: 18/18 MP: 1/1
    61 | D:1      | Reached XP level 2. HP: 24/24 MP: 2/2
   213 | D:1      | Reached XP level 3. HP: 29/29 MP: 3/3
   658 | D:2      | Found an oddly glowing altar of Pakellas.
   684 | D:2      | Reached skill level 3 in Long Blades
   684 | D:2      | Reached XP level 4. HP: 28/37 MP: 4/4
   913 | D:2      | Found a snail-covered altar of Cheibriados.
   923 | D:2      | Found an iron altar of Okawaru.
  1468 | D:3      | Reached skill level 4 in Long Blades
  1468 | D:3      | Reached XP level 5. HP: 30/42 MP: 5/5
  2436 | D:3      | Reached XP level 6. HP: 46/49 MP: 6/6
  2831 | D:4      | Reached skill level 5 in Long Blades
  3129 | D:4      | Found a staircase to the Ecumenical Temple.
  3172 | D:4      | Noticed Robin
  3199 | D:4      | Killed Robin
  3388 | D:4      | Noticed a phantom
  3440 | D:4      | Reached XP level 7. HP: 41/55 MP: 7/7
  3519 | D:4      | Reached skill level 5 in Fighting
  3519 | D:4      | Reached skill level 6 in Long Blades
  3898 | Temple   | Entered the Ecumenical Temple
  4120 | D:4      | Found a shadowy altar of Dithmenos.
  4641 | D:4      | Found a shattered altar of Ashenzari.
  4777 | D:4      | Noticed Blork the orc
  4779 | D:4      | Noticed Pikel
  4856 | D:3      | Reached skill level 7 in Long Blades
  4932 | D:4      | Killed Blork the orc
  4932 | D:4      | Reached XP level 8. HP: 58/63 MP: 8/8
  5241 | D:5      | Entered Level 5 of the Dungeon
  5499 | D:5      | Found Odankywo's Antique Armour Boutique.
  5502 | D:5      | Found a blossoming altar of Fedhas.
  6712 | D:6      | Found a basalt altar of Yredelemnul.
  6875 | D:6      | Noticed Grinder
  6875 | D:6      | Paralysed by Grinder for 7 turns
  6910 | D:6      | Paralysed by Grinder for 5 turns
  6921 | D:6      | Killed Grinder
  6921 | D:6      | Reached skill level 5 in Armour
  6921 | D:6      | Reached XP level 9. HP: 15/69 MP: 9/9
  7688 | D:6      | Found a sacrificial altar of Ru.
  7840 | D:6      | Noticed gerofl's ghost (novice GrFi)
  7859 | D:7      | Gained mutation: You are dopey. (Int -2) [potion of mutation]
  7859 | D:7      | Gained mutation: Your magical capacity is low (-10% MP). [potion of mutation]
  7860 | D:7      | Gained mutation: Your system is resistant to poisons. [potion of mutation]
  7860 | D:7      | Gained mutation: Your flesh is heat resistant. [potion of mutation]
  7860 | D:7      | Gained mutation: You have a somewhat thin skeletal structure (Dex +2, Stealth). [potion of mutation]
  7868 | D:7      | Found Tunluod's General Store.
  7939 | D:7      | Reached skill level 8 in Long Blades
  8048 | D:7      | Noticed Joseph
  8366 | D:8      | Noticed Erolcha
  8401 | D:7      | HP: 3/70 [Joseph/uncursed enchanted quarterstaff (5)]
  8406 | D:7      | Slain by Joseph

Skill      XL: |  1  2  3  4  5  6  7  8  9 |
---------------+----------------------------+-----
Long Blades    | 3 4 5 7 8 |  8.1
Fighting       | 4 5 6 |  6.3
Armour         | 5 6 |  6.4
Shields        | 4 |  4.6

Action                   |  1- 3 |  4- 6 |  7- 9 || total
-------------------------+-------+-------+-------++-------
Melee: Long sword        |    93 |   235 |   393 ||   721
Evoke: Wand              |       |       |     6 ||     6
  Use: Potion            |       |       |    10 ||    10
       Scroll            |       |       |    10 ||    10
  Eat: Chunk             |       |     7 |    14 ||    21
       Fruit             |       |     1 |     2 ||     3
       Royal jelly       |       |       |     1 ||     1
Armor: Scale mail        |    48 |   111 |   167 ||   326
Dodge: Dodged            |    26 |    76 |   106 ||   208
Block: Shield            |    55 |   129 |   176 ||   360
